 Dungeon Crawl Stone Soup version 0.20-a0-454-g2b43fbb (webtiles) character file.

74 HallandMoats the Skirmisher (level 4, -3/41 HPs)
             Began as a Minotaur Fighter on Jan 8, 2017.
             Slain by Natasha (4 damage)
             ... on level 2 of the Dungeon.
             The game lasted 00:01:29 (714 turns).

HallandMoats the Skirmisher (Minotaur Fighter)       Turns: 714, Time: 00:01:29

Health: -3/41      AC:  0    Str: 20    XL:     4   Next: 10%
Magic:  3/3        EV: 19    Int:  5    God:
Gold:   97         SH:  0    Dex: 16    Spells: 3/3 levels left

rFire  . . .     SeeInvis .     (weapon currently unavailable)
rCold  . . .     Gourm    .     (armour currently unavailable)
rNeg   . . .     Faith    .     (shield currently unavailable)
rPois  .         Spirit   .     (helmet currently unavailable)
rElec  .         Reflect  .     (cloak currently unavailable)
rCorr  .         Harm     .     (gloves currently unavailable)
MR     .....                    (boots currently unavailable)
Stlth  +.........               (no amulet)
                                (ring currently unavailable)
                                (ring currently unavailable)

@: bat-form (expiring), flying, very quick
A: (retaliatory headbutt), (horns 0)
a: no special abilities


You were on level 2 of the Dungeon.
You were not hungry.
You were in bat-form.
You visited 1 branch of the dungeon, and saw 2 of its levels.

You collected 97 gold pieces.

Inventory:

Hand Weapons
 a - a +0 long sword (melded)
Armour
 b - a +0 scale mail (melded)
 c - a +0 shield (melded)
Wands
 l - a wand of confusion (16/48)
Scrolls
 e - a scroll of remove curse {unknown}
 g - 4 scrolls of identify {unknown}
 h - a scroll of fog {unknown}
 n - a scroll of teleportation {unknown}
Potions
 d - 2 potions of might
 i - a potion of invisibility {unknown}
 m - a potion of cure mutation {unknown}
 o - a potion of beneficial mutation {unknown}
 p - a potion of heal wounds {unknown}
Comestibles
 f - 2 bread rations
 j - a chunk of flesh
 k - a beef jerky


   Skills:
 * Level 4.4 Fighting
 * Level 3.2 Long Blades
 * Level 4.2 Armour
 * Level 1.5 Dodging
 + Level 3.9 Shields


You had 3 spell levels left.
You didn't know any spells.

Dungeon Overview and Level Annotations

Branches:
Dungeon (2/15)

Altars:

Annotations:
D:2 Natasha


Innate Abilities, Weirdness & Mutations

((You reflexively headbutt those who attack you in melee.))
((You have a pair of horns on your head.))


Message History

You kill the kobold!
Natasha stares at you and mumbles some strange words.
You resist with some effort. The crimson imp misses you.
The crimson imp blinks!
Natasha zaps a wand.
Things that are here:
a dagger; a stone You hit Natasha.
Natasha is almost dead.
The crimson imp closely misses you. Natasha casts a spell at you.
The magic dart hits you!
* * * LOW HITPOINT WARNING * * *
You hit Natasha but do no damage.
Natasha is almost dead.
Your transformation is almost over.
The crimson imp completely misses you. Natasha closely misses you.
You hit Natasha but do no damage.
Natasha is almost dead.
The crimson imp closely misses you. Natasha claws you.
You die...

..#†#.#
#.#.#.#
#.#<#.#
######..##.#
...........#
....##5#..# .
#.#..# #5#..#
#b5..#
......h#...#
...?...#.....#
##.....#.....#
#..... .....#
#..... #....#
#..... .>..+
#..... ....#


You could see Natasha and 3 crimson imps.

Vanquished Creatures
  Natasha (D:2)
  2 adders (D:2)
  A dart slug (D:1)
  A leopard gecko (D:2)
  2 giant cockroaches (D:1)
  4 goblins
  A hobgoblin (D:1)
  A ball python (D:2)
  4 bats
  4 kobolds
  6 rats (D:1)
27 creatures vanquished.

Notes
Turn   | Place    | Note
-------+----------+-------------------------------------------
     0 | D:1      | HallandMoats the Minotaur Fighter began the quest for the Orb.
     0 | D:1      | Reached XP level 1. HP: 19/19 MP: 0/0
   111 | D:1      | Reached XP level 2. HP: 27/27 MP: 1/1
   498 | D:2      | Noticed Natasha
   509 | D:2      | Killed Natasha
   509 | D:2      | Reached XP level 3. HP: 23/34 MP: 2/2
   662 | D:2      | Reached skill level 1 in Dodging
   666 | D:2      | Reached XP level 4. HP: 41/41 MP: 3/3
   684 | D:2      | Noticed Natasha
   712 | D:2      | HP: 1/41 [Natasha/magic dart (5)]
   714 | D:2      | Slain by Natasha

Vault maps used:
D:1:      mrwooster_arrival_statue
D:2:      first_bread, uniq_natasha

Skill      XL: |  1  2  3 |
---------------+----------+-----
Fighting       | 4 |  4.4
Long Blades    | 3 |  3.2
Armour         | 4 |  4.2
Dodging        | 1 |  1.5
Shields        | |  3.9

Action                   |  1- 3 |  4- 6 || total
-------------------------+-------+-------++-------
Melee: Long sword        |    54 |     1 ||    55
       Headbutt          |    12 |     1 ||    13
       Unarmed           |       |    24 ||    24
Armor: Scale mail        |    23 |       ||    23
Dodge: Dodged            |    14 |    17 ||    31
Block: Shield            |    27 |     2 ||    29
       Rpst.: Long sword |     6 |       ||     6
